Map: Berlingrad LE

Players

AladinFunk

  • Race: Terran Terran
  • League: Silver
  • Spawn Location: 5:00

Warthog - Winner!

  • Race: Terran Terran
  • League: Bronze
  • Spawn Location: 11:00

VOD

Have the link to the VOD?

Description

Time

  • Played on: Oct. 19, 2021, 5:21 p.m.
  • Length: 17:07
Show
View Real Time Build Order
Export as new Build Order

AladinFunk Terran 

Build Orders:  

Get SALT Encoding   

  12  0:21  Supply Depot  
  12  0:35  Refinery  
  12  0:36  SCV  
  13  0:47  Supply Depot  
  13  0:48  SCV  
  14  1:00  SCV  
  15  1:04  Barracks  
  15  1:12  Supply Depot  
  15  1:19  SCV  
  16  1:31  Refinery, SCV  
  17  1:42  Supply Depot  
  17  1:43  SCV  
  18  1:55  SCV  
  19  2:02  Factory  
  19  2:17  Barracks  
  19  2:22  Marine  
  20  2:40  Marine  
  21  2:48  Factory Tech Lab  
  21  2:56  Starport  
  21  2:58  SCV  
  22  3:10  SCV  
  22  3:12  Barracks Reactor  
  23  3:14  Barracks Reactor  
  23  3:22  SCV  
  24  3:30  Siege Tank  
  27  3:34  SCV  
  27  3:36  Starport Tech Lab  
  28  3:46  SCV  
  29  3:51  Marine x2  
  29  3:54  Marine  
  29  3:55  Marine  
  33  4:08  Marine  
  33  4:09  Marine  
  35  4:16  Raven  
  37  4:18  SCV  
  38  4:35  Engineering Bay  
  38  4:43  Armory  
  38  4:44  SCV  
  39  4:56  Command Center  
  39  5:03  Marine  
  39  5:04  Marine x2  
  39  5:05  Marine  
  43  5:10  Terran Infantry Weapons Level 1  
  43  5:19  Engineering Bay  
  43  5:32  Terran Vehicle Weapons Level 1, Armory  
  43  5:35  SCV  
  44  5:39  Marine  
  44  5:41  Marine  
  46  6:07  Supply Depot  
  46  6:08  Siege Tank  
  46  6:10  Supply Depot  
  49  6:14  Supply Depot  
  49  6:18  Terran Infantry Armor Level 1  
  49  6:39  Refinery  
  49  6:40  Refinery  
  49  6:44  Missile Turret  
  49  6:47  Missile Turret  
  49  6:49  Terran Vehicle And Ship Armor Level 1  
  49  7:04  Hi-Sec Auto Tracking  
  49  7:05  SCV x2  
  51  7:17  SCV  
  51  7:19  SCV  
  53  7:29  SCV  
  54  7:31  SCV  
  54  7:34  Missile Turret  
  55  7:41  SCV  
  55  7:43  SCV  
  57  7:53  SCV  
  57  7:54  Missile Turret  
  58  8:00  Missile Turret  
  58  8:02  Missile Turret  
  58  8:17  Missile Turret  
  58  8:20  Missile Turret  
  58  8:24  Missile Turret  
  58  8:32  Thor  
  64  8:36  Marine x2  
  66  8:42  Missile Turret  
  66  8:47  Missile Turret  
  66  8:54  Terran Ship Weapons Level 1  
  66  8:55  Terran Vehicle Weapons Level 2  
  66  9:03  Neosteel Armor  
  66  9:09  Missile Turret  
  66  9:33  Supply Depot  
  66  9:34  Supply Depot, Terran Infantry Weapons Level 2  
  66  9:55  Factory  
  66  9:58  Factory  
  66  10:09  Thor  
  72  10:20  SCV x2  
  74  10:32  SCV  
  74  10:33  SCV  
  76  10:38  Factory  
  76  10:41  Factory  
  76  10:43  Terran Infantry Armor Level 2  
  76  10:44  SCV  
  76  10:45  SCV, Factory  
  76  10:47  Terran Vehicle And Ship Armor Level 2  
  78  10:55  Factory Tech Lab x2  
  78  11:03  Marine  
  78  11:04  Marine x3  
  82  11:18  Command Center  
  82  11:26  Raven  
  82  11:29  Factory Tech Lab x3  
  84  11:50  Fusion Core  
  84  11:53  Thor  
  90  11:55  Thor  
Show
View Real Time Build Order
Export as new Build Order

Warthog Terran - Winner!

Build Orders:  

Get SALT Encoding   

  12  0:01  SCV  
  13  0:13  SCV  
  14  0:18  Supply Depot  
  14  0:25  SCV  
  15  0:39  SCV  
  15  0:42  Barracks  
  16  0:49  Refinery  
  16  0:51  SCV  
  17  1:03  SCV  
  18  1:16  SCV  
  19  1:32  Orbital Command  
  19  1:33  Barracks Reactor  
  19  1:49  Command Center  
  19  2:16  SCV  
  19  2:17  Marine  
  19  2:18  Marine  
  22  2:26  Supply Depot  
  22  2:29  Barracks  
  22  2:31  Barracks, Refinery  
  22  2:39  SCV  
  23  3:03  SCV  
  24  3:08  Orbital Command  
  24  3:28  Bunker  
  24  3:33  Barracks Tech Lab x2  
  23  3:44  Supply Depot  
  23  4:03  SCV x2  
  23  4:09  Marauder x2, Marine x2  
  30  4:15  SCV x2  
  33  4:18  Supply Depot  
  33  4:27  Marine x2  
  33  4:29  Stimpack, Combat Shield  
  35  4:35  Factory  
  35  4:42  Engineering Bay  
  35  5:02  SCV x2  
  35  5:05  Marauder x2, Marine x2  
  43  5:07  Supply Depot  
  43  5:14  SCV x2  
  45  5:23  Marine x2  
  45  5:26  SCV x2, Marauder, Marine  
  52  6:32  SCV x2  
  54  6:36  Marauder x2, Marine x2  
  54  6:39  Supply Depot  
  60  6:44  SCV  
  60  6:45  SCV  
  62  6:49  Factory Reactor  
  62  6:50  Starport  
  62  6:54  Marine  
  62  6:56  SCV, Terran Infantry Weapons Level 1  
  62  6:57  SCV, Marauder  
  67  7:05  Marauder, Marine  
  67  7:08  Supply Depot  
  70  7:09  SCV x2  
  70  7:12  Marine  
  73  7:19  Barracks, Marauder  
  73  7:20  Barracks  
  73  7:21  SCV x2  
  77  7:23  Marine  
  77  7:27  Concussive Shells  
  77  7:29  Marauder  
  80  7:33  SCV  
  81  7:38  SCV  
  81  7:39  Marine  
  81  7:40  Marauder  
  81  7:41  Marine  
  81  7:42  Supply Depot  
  86  7:53  Factory Tech Lab  
  86  8:03  Marine  
  86  8:04  SCV x2, Marauder x2  
  93  8:11  Barracks Reactor, Barracks Tech Lab  
  93  8:16  SCV, Refinery  
  93  8:19  Refinery  
  94  8:36  Supply Depot  
  94  8:47  Supply Depot  
  94  8:57  SCV x2, Medivac x2, Marauder  
  94  9:01  Supply Depot  
  102  9:08  Siege Tank, Marine x2, Marauder  
  102  9:09  SCV  
  110  9:10  Supply Depot  
  110  9:12  SCV  
  111  9:19  Marauder  
  111  9:21  Supply Depot, SCV  
  111  9:24  Supply Depot, SCV  
  114  9:25  Supply Depot  
  114  9:26  Marine x2  
  114  9:28  Supply Depot  
  114  9:30  Marauder  
  114  9:31  Marauder, Marine x2  
  123  9:33  Medivac x2  
  127  9:40  Marauder, Siege Tank  
  127  9:43  Marine x2  
  134  9:48  Marine  
  134  9:49  Marine  
  134  9:51  Marauder  
  134  9:52  Marauder  
  140  10:02  Marauder  
  140  10:03  Medivac x2  
  148  10:14  Marauder x2, Marine x4  
  148  10:16  Siege Tank  
  157  10:23  Marauder  
  159  10:32  Medivac, Marine x4  
  159  10:33  Medivac  
  169  10:35  Marauder  
  169  10:36  Marauder  
  171  11:42  Supply Depot  
  171  11:43  Supply Depot, Terran Infantry Armor Level 1  
  171  11:47  Marauder, Marine  
  173  11:53  Armory  
  174  12:04  Medivac x2, Siege Tank, Marine x3  
  174  12:05  Marauder x2  
Tags
 
Add a new tag
Caveats
  • Supply blocks, unpowered buildings, or Contaminate may cause inaccurate times.
  • Supply counts are checked every 10 seconds.